 Dungeon Crawl Stone Soup version 0.23-a0-316-g6773f7a52e (webtiles) character file.

6559 Napalmbreeze the Geomancer (level 11, -1/68 HPs)
             Began as a Gargoyle Earth Elementalist on Oct 14, 2018.
             Was a Priest of Vehumet.
             Slain by a komodo dragon (25 damage)
             ... on level 1 of the Lair of Beasts.
             The game lasted 00:34:26 (11408 turns).

Napalmbreeze the Geomancer (GrEE)                  Turns: 11408, Time: 00:34:27

Health: -1/68      AC: 15    Str: 13    XL:     11   Next: 1%
Magic:  14/21      EV: 12    Int: 18    God:    Vehumet [***...]
Gold:   44         SH:  0    Dex: 14    Spells: 15/24 levels left

rFire    . . .     SeeInvis +   e - +4 whip (elec)
rCold    . . .     Gourm    .   (no shield)
rNeg     + . .     Faith    .   L - +2 leather armour of the Vestibule of Hell {rPois rCorr Dex+4}
rPois    ∞         Spirit   .   F - +2 hat
rElec    +         Reflect  .   (no cloak)
rCorr    +         Harm     +   (no gloves)
MR       .....                  (no boots)
Stlth    ++........             t - amulet of harm
HPRegen  0.21/turn              K - ring of flight
MPRegen  0.17/turn              H - ring of see invisible

@: no status effects
A: negative energy resistance 1, electricity resistance, unbreathing,
petrification resistance, rot immunity, AC +8
a: Renounce Religion, Evoke Flight


You were on level 1 of the Lair of Beasts.
You worshipped Vehumet.
Vehumet was most pleased with you.
You were not hungry.

You visited 2 branches of the dungeon, and saw 11 of its levels.

You collected 639 gold pieces.
You spent 595 gold pieces at shops.

Inventory:

Hand Weapons
 e - a +4 whip of electrocution (weapon)
Missiles
 b - 277 stones (quivered)
Armour
 D - +0 steam dragon scales
 F - a +2 hat (worn)
 L - the +2 leather armour of the Vestibule of Hell (worn) {rPois rCorr Dex+4}
   (You bought it in a shop on level 10 of the Dungeon)

   It affects your dexterity (+4).
   It protects you from poison.
   It provides partial protection from all sources of acid and corrosion.
Jewellery
 t - an amulet of harm (around neck)
 y - a +2 ring of strength
 B - an uncursed amulet of faith
 H - a ring of see invisible (right hand)
 K - a ring of flight (left hand)
Wands
 q - a wand of polymorph (8)
 I - a wand of disintegration (4)
Scrolls
 a - a scroll of identify
 j - 3 scrolls of remove curse
 k - a scroll of magic mapping
 p - a scroll of blinking
 w - a scroll of amnesia {unknown}
 A - 2 scrolls of enchant weapon
Potions
 f - a potion of cancellation
 g - 4 potions of curing
 h - 3 potions of flight
 i - 2 potions of brilliance
 l - 3 potions of magic
 n - a potion of might
 r - 2 potions of agility
 s - 2 potions of heal wounds {unknown}
 u - a potion of berserk rage {unknown}
 v - a potion of lignification {unknown}
 G - 2 potions of haste {unknown}
 J - a potion of ambrosia
Comestibles
 d - 9 rations


   Skills:
 + Level 8.0 Fighting
 - Level 6.0 Maces & Flails
 * Level 3.3 Armour
 - Level 1.5 Dodging
 - Level 2.1 Stealth
 + Level 7.1 Spellcasting
 + Level 7.6 Conjurations
   Level 0.7 Transmutations
 - Level 10.0 Earth Magic


You had 15 spell levels left.
You knew the following spells:

 Your Spells              Type           Power        Failure   Level  Hunger
a - Sandblast             Erth           #####.       1%          1    None
e - Lee's Rapid Deconstr  Erth           #####.....   1%          5    #####..
s - Stone Arrow           Conj/Erth      #####.       1%          3    ##.....

Your spell library contained the following spells:

 Spells                   Type           Power        Failure   Level  Hunger
 Ignite Poison            Fire/Tmut/Pois #.......     11%         3    ##.....
 Magic Dart               Conj           ####         1%          1    None
 Searing Ray              Conj           ####..       1%          2    None
 Iskenderun's Mystic Bla  Conj           ####....     1%          4    ####...
 Passwall                 Tmut/Erth      ####....     2%          2    None
 Dazzling Spray           Conj/Hex       ###...       2%          3    ##.....
 Force Lance              Conj/Tloc      ###.....     8%          4    ####...
 Fulminant Prism          Conj/Hex       ###.......   8%          4    ####...
 Summon Small Mammal      Summ           #...         14%         1    None
 Petrify                  Tmut/Erth      ####....     16%         4    ####...
 Call Imp                 Summ           #.......     21%         2    None
 Call Canine Familiar     Summ           #.......     38%         3    ##.....
 Summon Guardian Golem    Hex/Summ       #.......     38%         3    ##.....
 Summon Ice Beast         Ice/Summ       #.......     80%         4    ####...
 Summon Lightning Spire   Summ/Air       #.......     80%         4    ####...


Dungeon Overview and Level Annotations

Branches:
Dungeon (10/15)            Temple (0/1) D:6            Lair (1/6) D:8
    Orc: D:9-12

Altars:
Cheibriados
Dithmenos
Okawaru
Sif Muna
Trog
Vehumet
Yredelemnul

Shops:
D:7 %   D:10 (**[[

Annotations:
D:3 2 transporters


Innate Abilities, Weirdness & Mutations

You are resistant to torment.
Your stone body is resilient. (AC +8)
You are immune to poison.
You resist negative energy. (rN+)
You are resistant to electric shocks. (rElec)
You can survive without breathing.
You are immune to petrification.
You are immune to rotting.


Message History

Confirm with . or Enter, or press ? or * to list all spells.
Aiming: Stone Arrow (safe; 1% risk of failure)
Press: ? - help, Shift-Dir - straight line, f/p - komodo dragon
Aim: a komodo dragon (moderately wounded)
The stone arrow hits the komodo dragon.
The komodo dragon is heavily wounded.
The komodo dragon bites you.
Casting: Stone Arrow (safe; 1% risk of failure)
Confirm with . or Enter, or press ? or * to list all spells.
Aiming: Stone Arrow (safe; 1% risk of failure)
Press: ? - help, Shift-Dir - straight line, f/p - komodo dragon
Aim: a komodo dragon (heavily wounded)
The stone arrow hits the komodo dragon.
The komodo dragon is severely wounded.
The komodo dragon bites you!!
* * * LOW HITPOINT WARNING * * *
Found a stone staircase leading down.
The komodo dragon hisses menacingly.
The komodo dragon bites you!!
You die...

######### ### #### ###
#..........#####.## ##... ..##
#.................#####.... #..#
#............#P##.......... #.##
#..........######.......... #..#
#.........@######.###..#... #.##
#.........l.#..........#...
#..####..........#.....#####.#...
#................................
#................................
#...###....................####≈.
#...# #....................#≈≈≈≈.
#...###....................#§≈≈#.
#....##....................#≈≈§#§


You could see a komodo dragon.

Vanquished Creatures
  A hydra (D:8)
  A two-headed ogre (D:8)
  A komodo dragon (Lair:1)
  A rime drake (Lair:1)
  A troll (D:10)
  2 hippogriffs (D:10)
  A spriggan (D:9)
  3 wyverns (D:10)
  A steam dragon (D:7)
  Menkaure (D:7)
  Duvessa (D:5)
  A porcupine (Lair:1)
  A sky beast (D:10)
  A black bear (D:7)
  2 phantoms
  3 ogres
  2 centaurs
  A crocodile (Lair:1)
  Blork the orc (D:6)
  3 bullfrogs
  5 scorpions
  Dowan (D:6)
  14 killer bees
  A howler monkey (D:5)
  4 crimson imps
  A quasit (D:8)
  4 jellies
  4 hounds
  An orc priest (D:8)
  2 orc wizards
  A bullfrog skeleton (D:4)
  Natasha (thrice) (D:4)
  2 iguanas
  5 worker ants
  A killer bee zombie (D:5)
  3 hound skeletons
  14 adders
  4 gnolls (D:8)
  3 shadow imps
  An ooze (D:7)
  3 worms
  4 dart slugs
  6 leopard geckos
  13 orcs
  3 giant cockroaches
  10 hobgoblins
  8 jackals
  5 kobolds
  5 quokkas
  A ball python (D:3)
  7 bats
  2 frilled lizards (D:3)
  9 goblins
  A leopard gecko zombie (D:6)
  8 rats
188 creatures vanquished.

Notes
Turn   | Place    | Note
-------+----------+-------------------------------------------
     0 | D:1      | Napalmbreeze the Gargoyle Earth Elementalist began the
                  | quest for the Orb.
     0 | D:1      | Reached XP level 1. HP: 10/10 MP: 3/3
   437 | D:1      | Reached skill level 4 in Earth Magic
   437 | D:1      | Reached XP level 2. HP: 9/16 MP: 5/5
   720 | D:1      | Reached skill level 1 in Fighting
   761 | D:1      | Reached XP level 3. HP: 14/20 MP: 6/6
  1280 | D:2      | Found a radiant altar of Vehumet.
  1280 | D:2      | Found a snail-covered altar of Cheibriados.
  1282 | D:2      | Found a shadowy altar of Dithmenos.
  1341 | D:2      | Reached skill level 1 in Maces & Flails
  1664 | D:3      | Reached XP level 4. HP: 23/25 MP: 4/7
  1751 | D:3      | Found a transporter.
  1771 | D:3      | Found a transporter.
  1878 | D:3      | Reached skill level 5 in Earth Magic
  1878 | D:3      | Reached XP level 5. HP: 18/30 MP: 2/9
  1951 | D:2      | Became a worshipper of Vehumet
  2579 | D:2      | Learned a level 3 spell: Stone Arrow
  3116 | D:4      | Reached * piety under Vehumet
  3116 | D:4      | Offered knowledge of Flame Tongue by Vehumet.
  3116 | D:4      | Reached skill level 1 in Conjurations
  3348 | D:4      | Noticed Natasha
  3353 | D:4      | Killed Natasha
  3353 | D:4      | Reached XP level 6. HP: 36/36 MP: 3/10
  3504 | D:4      | Noticed Natasha
  3517 | D:4      | Killed Natasha
  3680 | D:4      | Noticed Natasha
  3685 | D:4      | Killed Natasha
  3718 | D:4      | Reached XP level 7. HP: 32/41 MP: 4/12
  3923 | D:5      | Entered Level 5 of the Dungeon
  3952 | D:5      | Reached skill level 6 in Earth Magic
  4042 | D:5      | Found an iron altar of Okawaru.
  4245 | D:5      | Offered knowledge of Magic Dart by Vehumet.
  4584 | D:5      | Reached ** piety under Vehumet
  4682 | D:6      | Found a basalt altar of Yredelemnul.
  4684 | D:6      | Noticed Blork the orc
  4688 | D:6      | Killed Blork the orc
  4688 | D:6      | Reached XP level 8. HP: 35/48 MP: 2/14
  4787 | D:6      | Learned a level 5 spell: Lee's Rapid Deconstruction
  4980 | D:6      | Noticed Dowan
  4984 | D:6      | Noticed Duvessa
  5004 | D:6      | Killed Dowan
  5082 | D:5      | Killed Duvessa
  5333 | D:6      | Found a staircase to the Ecumenical Temple.
  5512 | D:6      | Reached skill level 7 in Earth Magic
  6098 | D:7      | Reached skill level 5 in Fighting
  6147 | D:7      | Reached XP level 9. HP: 54/54 MP: 4/16
  6256 | D:7      | Found a deep blue altar of Sif Muna.
  6261 | D:7      | Found Joataf's Food Shop.
  6486 | D:7      | Reached skill level 5 in Spellcasting
  6604 | D:7      | Noticed Menkaure
  6606 | D:7      | Killed Menkaure
  6606 | D:7      | Reached skill level 5 in Maces & Flails
  6606 | D:7      | Reached skill level 5 in Conjurations
  6696 | D:7      | Reached skill level 8 in Earth Magic
  6980 | D:8      | Found a staircase to the Lair.
  7249 | D:8      | Offered knowledge of Ignite Poison by Vehumet.
  7576 | D:8      | Noticed a two-headed ogre
  7745 | D:8      | Killed a two-headed ogre
  8110 | D:9      | Reached XP level 10. HP: 61/61 MP: 11/18
  8780 | D:9      | Reached skill level 9 in Earth Magic
  8784 | D:9      | Reached *** piety under Vehumet
  9193 | D:10     | Entered Level 10 of the Dungeon
  9438 | D:10     | Found Xichaub's General Store.
  9456 | D:10     | Found Vugowentyd's Antique Weapon Shoppe.
  9486 | D:10     | Found Izxaclat's Assorted Antiques.
  9922 | D:10     | Found Oqur's Armour Emporium.
 10059 | D:10     | Found Naymakh's Armour Boutique.
 10065 | D:10     | Bought the +2 leather armour of the Vestibule of Hell
                  | {rPois rCorr Dex+4} for 595 gold pieces
 10100 | D:10     | Found a bloodstained altar of Trog.
 10347 | Lair:1   | Entered Level 1 of the Lair of Beasts
 10454 | Lair:1   | Reached skill level 1 in Armour
 10641 | Lair:1   | Noticed a four-headed hydra
 10974 | D:8      | Killed a four-headed hydra
 10974 | D:8      | Reached skill level 10 in Earth Magic
 11107 | Lair:1   | Reached XP level 11. HP: 68/68 MP: 15/21
 11350 | Lair:1   | Found the +8 demon blade "Leech" {vamp, rN+ AC-3 EV-3}
 11408 | Lair:1   | Slain by a komodo dragon

Vault maps used:
D:1:      erik_arrival_cave_to_civilisation, minivault_24
D:2:      nicolae_overflow_hidden_temple, first_ration
D:3:      gammafunk_wand_slinger
D:4:      lemuel_upstairs_altar, uniq_natasha
D:5:      okawaru_gym_becter
D:6:      minmay_temple_entry_junction_2, yredelemnul_altar_generic,
          uniq_duvessa, uniq_blork_the_orc
D:7:      kennysheep_little_box, serial_shops, nicolae_shop_trees, uniq_menkaure
D:8:      lair_entry_dummy
D:9:      grunt_pizzeria
D:10:     serial_shops, shop_statue, shop, shop, shop, shop, trog_book
Lair:1:   minmay_lair_oklob_chamber

Skill      XL: |  1  2  3  4  5  6  7  8  9 10 |
---------------+-------------------------------+-----
Earth Magic    | 4 5 6 7 8 10 | 10.0
Fighting       | 1 2 3 4 5 6 8 |  8.0
Maces & Flails | 1 2 3 4 5 6 |  6.0
Spellcasting   | 3 4 5 7 |  7.1
Conjurations   | 1 2 3 4 6 7 |  7.6
Armour         | 3 |  3.3
Dodging        | |  1.5
Stealth        | |  2.1
Transmutations | |  0.7

Action                   |  1- 3 |  4- 6 |  7- 9 | 10-12 || total
-------------------------+-------+-------+-------+-------++-------
Melee: Whip              |    59 |   117 |    59 |    81 ||   316
Throw: Stone             |       |       |     4 |     1 ||     5
 Cast: Sandblast         |    19 |    22 |    58 |    34 ||   133
       Stone Arrow       |       |    10 |    55 |    33 ||    98
Evoke: Wand              |       |       |       |     1 ||     1
  Use: Scroll            |       |       |       |    20 ||    20
 Stab: Sleeping          |     2 |     3 |     1 |     1 ||     7
  Eat: Chunk             |     2 |     7 |     6 |    10 ||    25
       Ration            |       |     1 |     3 |       ||     4
Armor: Robe              |    37 |    41 |    21 |       ||    99
       Steam dragon scal |       |       |     6 |    41 ||    47
       Leather armour    |       |       |       |     7 ||     7
Dodge: Dodged            |    88 |    86 |    51 |    66 ||   291

Table legend:
 A = Non-vault XP
 B = Vault XP
 C = Vault XP percentage of total XP
 D = Non-vault monster count
 E = Vault monster count
 F = Vault count percentage of total count
                 A         B        C        D         E       F
            +---------+---------+-------+---------+---------+-------
      Total |    8626 |     744 |   7.9 |     182 |       6 |   3.2
            +---------+---------+-------+---------+---------+-------
        D:1 |      49 |       0 |   0.0 |      25 |       0 |   0.0
        D:2 |      94 |       0 |   0.0 |      24 |       0 |   0.0
        D:3 |     114 |       0 |   0.0 |      21 |       0 |   0.0
        D:4 |     358 |      36 |   9.1 |      17 |       1 |   5.6
        D:5 |     456 |     145 |  24.1 |      12 |       1 |   7.7
        D:6 |     398 |     165 |  29.3 |      13 |       2 |  13.3
        D:7 |    1214 |     169 |  12.2 |      17 |       1 |   5.6
        D:8 |    2299 |       0 |   0.0 |      17 |       0 |   0.0
        D:9 |     769 |     229 |  22.9 |      18 |       1 |   5.3
       D:10 |    1831 |       0 |   0.0 |      13 |       0 |   0.0
     Lair:1 |    1044 |       0 |   0.0 |       5 |       0 |   0.0
            +---------+---------+-------+---------+---------+-------
